 Dungeon Crawl Stone Soup version 0.23.0 (webtiles) character file.

Game seed: 1019330123293836787

194883 inmateoo the Phalangite (level 18, -7/223 HPs)
             Began as a Minotaur Gladiator on Feb 8, 2019.
             Was the Champion of Hepliaklqana.
             Killed from afar by a naga ritualist (24 damage)
             ... with a lance of force
             ... on level 4 of the Snake Pit on Feb 9, 2019.
             The game lasted 00:59:10 (31864 turns).

inmateoo the Phalangite (Minotaur Gladiator)       Turns: 31864, Time: 00:59:10

Health: -7/223     AC: 29    Str: 28    XL:     18   Next: 11%
Magic:  25/25      EV: -1    Int:  4    God:    Hepliaklqana [******]
Gold:   201        SH:  5    Dex:  5    Spells: 15/17 levels left

rFire    + + .     SeeInvis .   j - +9 trident
rCold    + + .     Gourm    .   Q - +0 buckler of the Pleiades {rC+}
rNeg     + + +     Faith    .   (armour currently unavailable)
rPois    +         Spirit   .   (helmet currently unavailable)
rElec    +         Reflect  .   (cloak currently unavailable)
rCorr    .         Harm     .   (gloves currently unavailable)
MR       +++..     NoTele   +   (boots currently unavailable)
Stlth    +.........             k - macabre finger necklace {rN+}
HPRegen  0.47/turn              C - ring of Limasmua {rF+ MR+ Str+3 Int-5}
MPRegen  0.19/turn              X - ring "Afubro" {rElec rPois EV+5 Int+4 Dex-4}
                                Y - ring "Hunugik" {rF+ rC+ MR+ Dex-5}

@: lethally poisoned (-7 -> -8), tree-form, constricted, studying Ice Magic
A: (retaliatory headbutt), reduced essence
a: Recall Ancestor, Ancestor Identity, Transference, Idealise, Renounce Religion


You were on level 4 of the Snake Pit.
You worshipped Hepliaklqana.
Hepliaklqana was exalted by your worship.
You were not hungry.
You were a tree.
You visited 5 branches of the dungeon, and saw 28 of its levels.
You visited the Abyss 1 time.
You also visited: Ossuary and Ice Cave.

You collected 2988 gold pieces.
You spent 2787 gold pieces at shops.

Inventory:

Hand Weapons
 j - a +9 trident (weapon)
 M - the +8 long sword of Quick Death {freeze, Str+7 Int+3}
   (You found it on level 11 of the Dungeon)

   It has been specially enchanted to freeze those struck by it, causing extra
   injury to most foes and up to half again as much damage against particularly
   susceptible opponents.
   It can also slow down cold-blooded creatures.
   It affects your strength (+7).
   It affects your intelligence (+3).
Missiles
 d - 7 throwing nets (quivered)
Armour
 n - a scarf of repulsion (melded)
 y - a +2 pair of boots (melded)
 D - a +2 hat (melded)
 F - the +0 pair of gloves of Zeadd (melded) {Int+5}
   (You acquired it on level 12 of the Dungeon)

   It affects your intelligence (+5).
 P - the +5 plate armour of Lokow (melded) {MR+ SInv}
   (You bought it in a shop on level 4 of the Dungeon)

   It affects your resistance to hostile enchantments.
   It lets you see invisible.
 Q - the +0 buckler of the Pleiades (worn) {rC+}
   (You bought it in a shop on level 4 of the Dungeon)

   It protects you from cold.
Jewellery
 e - an uncursed ring of see invisible
 g - a +2 ring of strength
 k - the macabre finger necklace (around neck) {rN+}
   (You bought it in a shop on level 14 of the Dungeon)

   [amulet of nothing]

   It protects you from negative energy.
 l - an uncursed ring of protection from fire
 C - the ring of Limasmua (left branch) {rF+ MR+ Str+3 Int-5}
   (You found it on level 2 of the Lair of Beasts)

   [ring of protection from magic]

   It affects your strength (+3).
   It affects your intelligence (-5).
   It protects you from fire.
   It affects your resistance to hostile enchantments.
 X - the ring "Afubro" (right branch) {rElec rPois EV+5 Int+4 Dex-4}
   (You bought it in a shop on level 14 of the Dungeon)

   [ring of evasion]

   It affects your evasion (+5).
   It affects your intelligence (+4).
   It affects your dexterity (-4).
   It insulates you from electricity.
   It protects you from poison.
 Y - the ring "Hunugik" (on amulet) {rF+ rC+ MR+ Dex-5}
   (You bought it in a shop on level 14 of the Dungeon)

   [ring of protection from fire]

   It affects your dexterity (-5).
   It protects you from fire.
   It protects you from cold.
   It affects your resistance to hostile enchantments.
Wands
 u - a wand of disintegration (16)
 z - a wand of digging (1)
 E - a wand of random effects (54)
 G - a wand of polymorph (27)
 I - a wand of acid (3)
 S - a wand of iceblast (28)
 V - a wand of flame (44)
Scrolls
 b - 3 scrolls of blinking
 h - 4 scrolls of enchant armour
 i - 18 scrolls of teleportation
 m - 3 scrolls of immolation
 p - 7 scrolls of identify
 q - 7 scrolls of remove curse
 s - 2 scrolls of amnesia
 A - 4 scrolls of magic mapping
 N - 2 scrolls of fog
 U - 2 scrolls of fear
Potions
 a - 4 potions of lignification
 o - a potion of ambrosia
 r - 2 potions of cancellation
 v - 6 potions of curing
 w - 2 potions of might
 x - 3 potions of flight
 K - 7 potions of brilliance
 T - 4 potions of mutation
Books
 c - a manual of Ice Magic
 R - a manual of Ice Magic
Miscellaneous
 L - a phial of floods (inert)
Comestibles
 f - 24 rations


   Skills:
 + Level 16.0 Fighting
 * Level 21.4 Polearms
 - Level 2.0 Throwing
 + Level 15.9 Armour
 + Level 17.2 Dodging
 + Level 9.6 Shields
 + Level 11.3 Invocations


You had 15 spell levels left.
You knew the following spells:

 Your Spells              Type           Power        Failure   Level  Hunger
a - Blink                 Tloc           N/A          65%         2    ###....

Your spell library contained the following spells:

 Spells                   Type           Power        Failure   Level  Hunger
 Flame Tongue             Conj/Fire      #....        50%         1    ##.....
 Magic Dart               Conj           #...         50%         1    ##.....
 Call Imp                 Summ           #.......     65%         2    ###....
 Slow                     Hex            #.......     65%         2    ###....
 Conjure Flame            Conj/Fire      #.......     86%         3    ####...
 Gell's Gravitas          Tloc           #.........   86%         3    ####...
 Mephitic Cloud           Conj/Pois/Air  #.......     86%         3    ####...
 Portal Projectile        Hex/Tloc       #.....       86%         3    ####...
 Cause Fear               Hex            #.........   99%         4    #####..
 Force Lance              Conj/Tloc      #.......     99%         4    #####..
 Bolt of Fire             Conj/Fire      #.........   100%        6    #######
 Dispersal                Tloc           #.........   100%        6    #######
 Dragon Form              Tmut           #.........   100%        7    #######
 Controlled Blink         Tloc           N/A          100%        8    #######
 Disjunction              Tloc           #.........   100%        8    #######
 Dragon's Call            Summ           #.........   100%        9    #######


Dungeon Overview and Level Annotations

Branches:
Dungeon (15/15)            Temple (1/1) D:5            Lair (6/6) D:11
 Shoals (0/4) Lair:4        Snake (4/4) Lair:4        Slime (0/5) Lair:5
    Orc (2/2) D:10            Elf (0/3) Orc:2        Vaults (0/5) D:13
 Depths (0/5) D:15

Altars:
Ashenzari
Cheibriados
Dithmenos
Elyvilon
Fedhas
Gozag
Hepliaklqana
Kikubaaqudgha
Makhleb
Nemelex Xobeh
Okawaru
Qazlal
Ru
Sif Muna
Trog
Uskayaw
Wu Jian
Yredelemnul
Zin
The Shining One
Beogh

Shops:
D:4 [   D:6 *   D:10 :   D:12 [   D:14 =   Orc:2 %(==(   Snake:1 (?
Snake:3 =*

Annotations:
D:15 2 transporters, Swippen's ghost, adept GnFi


Innate Abilities, Weirdness & Mutations

((You reflexively headbutt those who attack you in melee.))
((You have a pair of horns on your head.))
Your life essence is reduced to manifest your ancestor. (-10% HP)


Message History

The naga ritualist is severely wounded.
The bolt of acid hits the naga.
The naga is splashed with acid!
The acid corrodes the naga!
You kill the naga!
You feel sick.
The naga ritualist hits you but does no damage.
* * * LOW HITPOINT WARNING * * *
The naga ritualist constricts you.
Unknown command.
Evoke which item? (* to show all) (? for menu, Esc to quit)
Aiming: Corrosive Bolt
Press: ? - help, Shift-Dir - straight line, f - naga ritualist
Aim: a naga ritualist, wielding a +4 dagger of venom and wearing a +0 robe (severely wounded, constricting you, catching its breath)
The bolt of acid hits the naga ritualist.
The naga ritualist is splashed with acid!
The acid corrodes the naga ritualist!
The naga ritualist is almost dead.
The naga ritualist gestures at you while chanting.
The lance of force hits you!!
You die...

.?####. #....#.######
# ##..###.# ##.<....##
# # #....##.#
###.....##### .
##....##.# ##)...#...#
.. #..N..##.#
#)........ ..####
#..#).##.# #.)##.....
...#N## #)S#))##.#
#.)).###.. .N....#
#(.#(.##)# #..).# #
⌠.N...# #(S#.(.#♣#
#.)†.#####
..NR..###[(#.SS#N#
#..#..(†..
...#..N##NN#..§))#####
##..#...). ..
#N..#)N.#...))#...#
##....... S
#.N.()†.##..#([...#
#..#....
##..N.(########...#
#...##... ##....#
#...####..###.##
##..## #...#.....###.#
######
##...#.###..##.##


You could see a naga ritualist.

Vanquished Creatures
  A profane servitor (Abyss:3)
  2 tentacled starspawn (Abyss:3)
  6 nagarajas (Snake:4)
  Snorg (D:14)
  8 vault guards
  12 naga warriors
  4 hydras
  18 anacondas
  3 centaur warriors
  A catoblepas (D:14)
  8 death yaks
  5 two-headed ogres
  Erica (D:8)
  2 tengu warriors
  An anaconda (shapeshifter) (D:15)
  An ogre mage (D:15)
  6 shock serpents
  Urug (Lair:2)
  3 orc high priests (Orc:2)
  9 naga sharpshooters
  5 skeletal warriors (D:15)
  4 salamander mystics
  A sea snake (Snake:3)
  5 unseen horrors
  3 naga ritualists
  A deep troll (D:15)
  Pikel (D:4)
  The ghost of Enish the Covert, a novice OpAK of Lugonu (D:7)
  A starcursed mass (Abyss:3)
  A necromancer (IceCv)
  A wolf spider zombie (D:15)
  2 orc knights
  A harpy (shapeshifter) (D:14)
  10 mana vipers
  3 orc sorcerers
  6 salamanders
  2 cyclopes (D:15)
  An ugly thing (D:12)
  A wolf spider (D:15)
  2 oklob plants (D:11)
  14 elephants
  2 centaur zombies
  4 manticores
  9 guardian serpents
  An ice statue (IceCv)
  2 apocalypse crabs (Abyss:3)
  Maurice (D:8)
  14 naga magi
  2 torpor snails
  32 black mambas
  5 gargoyles
  10 spiny frogs
  2 rime drakes
  10 freezing wraiths
  3 yaktaurs (D:15)
  3 tengu conjurers
  A queen bee (D:13)
  6 komodo dragons
  5 trolls
  3 meliai (D:13)
  5 polar bears
  A hornet (D:14)
  3 tyrant leeches (Lair:2)
  Grinder (D:6)
  Prince Ribbit (D:8)
  12 slime creatures
  7 blink frogs
  15 hippogriffs
  Sigmund (D:2)
  A wyvern (D:11)
  A wraith (D:14)
  2 shadows
  2 basilisks
  A fire bat (Abyss:3)
  A steam dragon (D:11)
  A hungry ghost (D:10)
  Grum (D:8)
  A large abomination (Abyss:3)
  43 yaks
  A neqoxec (Abyss:3)
  A vampire mosquito (D:14)
  Menkaure (D:4)
  Edmund (D:5)
  An acid dragon (D:14)
  35 nagas
  3 soldier ants
  7 wargs
  3 swamp worms (Lair:2)
  10 water moccasins
  8 porcupines
  20 orc warriors
  8 ice beasts
  A sky beast (D:13)
  A slave (D:4)
  2 black bears
  4 phantoms
  3 alligator simulacra (IceCv)
  10 ogres
  An eye of draining (D:14)
  14 wolves
  2 centaurs
  An elf zombie (Ossuary)
  10 crocodiles
  2 big kobolds
  11 bullfrogs
  A wyvern skeleton (D:13)
  2 small abominations (Abyss:3)
  A scorpion (D:10)
  19 killer bees
  4 wights (D:8)
  2 electric eels (Snake:3)
  3 howler monkeys
  5 crimson imps
  3 bullfrog zombies
  15 jellies
  9 draconian simulacra (IceCv)
  7 hounds
  5 centaur skeletons
  19 orc priests
  Crazy Yiuf (D:2)
  A human zombie (Ossuary)
  An iron imp (D:7)
  3 bullfrog skeletons
  2 iguanas
  22 orc wizards
  10 worker ants
  A polar bear simulacrum (IceCv)
  3 troll simulacra (IceCv)
  A centaur simulacrum (IceCv)
  A big kobold zombie (Ossuary)
  2 hound zombies (Ossuary)
  3 mummies (Ossuary)
  A worker ant zombie (D:11)
  An ogre simulacrum (IceCv)
  13 adders
  2 howler monkey skeletons
  3 naga simulacra (IceCv)
  A shadow imp (D:14)
  12 white imps
  2 oozes
  6 adder zombies
  5 worms
  An adder skeleton (D:8)
  A dart slug (D:1)
  7 leopard geckos
  62 orcs
  10 giant cockroaches
  2 gnoll zombies (Ossuary)
  6 goblins
  6 hobgoblins
  15 jackals
  2 quokkas
  A ball python (D:3)
  A ball python skeleton (D:5)
  8 bats
  5 frilled lizards
  4 goblin zombies (Ossuary)
  4 hobgoblin zombies (Ossuary)
  3 jackal zombies (Ossuary)
  13 kobolds
  3 kobold zombies (Ossuary)
  3 quokka zombies
  7 rats
  4 rat zombies (Ossuary)
  2 plants
  A starspawn tentacle (Abyss:3)
898 creatures vanquished.

Vanquished Creatures (collateral kills)
  Frances (Snake:2)
  A nagaraja (Snake:4)
  A fire dragon (Lair:4)
  Harold (D:7)
  2 naga warriors
  Erolcha (D:9)
  A death knight (D:10)
  A two-headed ogre (D:15)
  A catoblepas (Lair:6)
  A centaur warrior (D:14)
  8 anacondas
  A tengu warrior (D:13)
  A death yak (Lair:5)
  A deep troll shaman (Lair:6)
  3 naga sharpshooters
  An orc high priest (Orc:2)
  2 unseen horrors
  3 naga ritualists
  A cyclops (D:12)
  An orc sorcerer (Orc:1)
  A deep elf mage (D:12)
  An oklob plant (Orc:1)
  5 elephants
  6 salamanders
  2 guardian serpents (Snake:4)
  5 naga magi
  12 black mambas
  4 spiny frogs
  A tormentor (Abyss:3)
  A yaktaur (D:15)
  2 komodo dragons
  A freezing wraith (IceCv)
  2 tyrant leeches (Lair:2)
  3 polar bears
  A troll (D:9)
  A hornet (D:10)
  A hippogriff (Lair:6)
  3 slime creatures
  A blink frog (Lair:1)
  A wraith (D:13)
  A ynoxinul (Abyss:3)
  A basilisk (Lair:2)
  11 yaks
  A vampire mosquito (D:14)
  A chaos spawn (Abyss:3)
  2 wargs
  14 nagas
  A hydra simulacrum (Abyss:3)
  2 water moccasins
  A porcupine (Lair:4)
  5 orc warriors
  3 ice beasts (IceCv)
  3 ogres
  A phantom (D:9)
  6 starcursed masses (Abyss:3)
  A necrophage (D:11)
  2 centaurs
  An eye of draining (D:12)
  4 crocodiles
  A bullfrog (Lair:2)
  2 killer bees (D:11)
  2 scorpions
  A quasit (Abyss:3)
  A bullfrog zombie (D:6)
  4 orc priests
  A hound (D:10)
  5 jellies
  5 orc wizards
  2 troll simulacra (IceCv)
  2 worker ants
  A worker ant zombie (D:5)
  A naga simulacrum (IceCv)
  A shadow imp (D:8)
  2 white imps (IceCv)
  An adder zombie (D:5)
  11 orcs
  4 jackals
  A kobold (D:8)
  4 fungi
  3 plants
203 creatures vanquished.

Vanquished Creatures (others)
  A black mamba (Snake:4)
  2 slaves (D:5)
  A small abomination (Abyss:3)
  Ijyb (D:5)
  29 knights
  An orc wizard (Orc:1)
  5 ancestors
  An orc (D:7)
  A giant cockroach (D:5)
  A bush (Lair:2)
  5 fungi
  10 plants
  A starspawn tentacle (Abyss:3)
59 creatures vanquished.

Grand Total: 1160 creatures vanquished

Notes
Turn   | Place    | Note
-------+----------+-------------------------------------------
     0 | D:1      | inmateoo the Minotaur Gladiator began the quest for the
                  | Orb.
     0 | D:1      | Reached XP level 1. HP: 18/18 MP: 0/0
   128 | D:1      | Reached XP level 2. HP: 17/25 MP: 1/1
   141 | D:1      | Reached skill level 4 in Polearms
   233 | D:1      | Reached skill level 1 in Armour
   344 | D:1      | Reached XP level 3. HP: 30/30 MP: 2/2
   867 | D:2      | Reached XP level 4. HP: 36/38 MP: 3/3
   931 | D:2      | Found a runed translucent door.
   932 | D:2      | Noticed Crazy Yiuf
   961 | D:2      | Killed Crazy Yiuf
   961 | D:2      | Reached skill level 1 in Shields
  1030 | D:2      | Noticed Sigmund
  1046 | D:2      | Killed Sigmund
  1046 | D:2      | Reached skill level 5 in Polearms
  1046 | D:2      | Reached XP level 5. HP: 29/46 MP: 4/4
  1046 | D:2      | Reached XP level 6. HP: 33/52 MP: 5/5
  1671 | D:3      | Reached skill level 6 in Polearms
  2142 | D:4      | Found a sand-covered staircase.
  2148 | Ossuary  | Entered an ossuary
  2213 | Ossuary  | Reached XP level 7. HP: 52/60 MP: 6/6
  2553 | D:4      | Reached skill level 5 in Dodging
  2623 | D:4      | Reached skill level 7 in Polearms
  2900 | D:4      | Found Edynnal's Antique Armour Boutique.
  2992 | D:4      | Noticed Menkaure
  3001 | D:4      | Killed Menkaure
  3001 | D:4      | Reached skill level 5 in Fighting
  3376 | D:5      | Entered Level 5 of the Dungeon
  3376 | D:5      | Noticed Pikel
  3376 | D:5      | Noticed a yak
  3376 | D:5      | Noticed a yak
  3376 | D:5      | Noticed a yak
  3376 | D:5      | Noticed a yak
  3376 | D:5      | Noticed a yak
  3376 | D:5      | Noticed a yak
  3404 | D:4      | Killed a yak
  3404 | D:4      | Reached XP level 8. HP: 26/68 MP: 7/7
  3907 | D:3      | Reached skill level 8 in Polearms
  4262 | D:4      | Killed Pikel
  4262 | D:4      | Reached skill level 9 in Polearms
  4262 | D:4      | Reached skill level 5 in Armour
  4406 | D:5      | Reached XP level 9. HP: 48/77 MP: 8/8
  4499 | D:5      | Killed Ijyb
  4543 | D:5      | Found a staircase to the Ecumenical Temple.
  4573 | D:5      | Noticed Edmund
  4590 | D:5      | Killed Edmund
  4617 | Temple   | Entered the Ecumenical Temple
  4654 | Temple   | Became a worshipper of Hepliaklqana the Forgotten
  4829 | D:5      | Reached skill level 10 in Polearms
  5369 | D:6      | Found an ornate altar of the Wu Jian Council.
  5371 | D:6      | Found a glowing golden altar of the Shining One.
  5371 | D:6      | Found a burning altar of Makhleb.
  5371 | D:6      | Found an opulent altar of Gozag.
  5373 | D:6      | Found a shattered altar of Ashenzari.
  5373 | D:6      | Found a bloodstained altar of Trog.
  5374 | D:6      | Found a shadowy altar of Dithmenos.
  5483 | D:6      | Reached * piety under Hepliaklqana
  5552 | D:6      | Noticed Grinder
  5552 | D:6      | Paralysed by Grinder for 7 turns
  5555 | D:6      | Found Qeyd's General Store.
  5568 | D:6      | Killed Grinder
  5764 | D:6      | Found a shadowy altar of Dithmenos.
  5982 | D:7      | Found a white marble altar of Elyvilon.
  5982 | D:7      | Found a hide-covered altar of Uskayaw.
  6137 | D:7      | Reached skill level 11 in Polearms
  6137 | D:7      | Reached XP level 10. HP: 68/79 MP: 9/9
  6220 | D:7      | Noticed Harold
  6289 | D:7      | Killed Harold
  6467 | D:7      | Found a snail-covered altar of Cheibriados.
  6574 | D:7      | Got a pitted brass amulet
  6584 | D:7      | Found a runed translucent gate.
  6584 | D:7      | Found a runed translucent gate.
  6585 | D:7      | Found a runed translucent gate.
  6587 | D:7      | Noticed Enish's ghost (novice OpAK)
  6592 | D:7      | Found a roughly hewn altar of Beogh.
  6673 | D:7      | Identified the amulet of Secrets {Spirit rN++} (You found
                  | it on level 7 of the Dungeon)
  6788 | D:7      | Killed Enish's ghost
  6788 | D:7      | Reached skill level 12 in Polearms
  7360 | D:8      | Noticed Grum
  7375 | D:8      | Killed Grum
  7397 | D:8      | Noticed a two-headed ogre
  7413 | D:8      | Killed a two-headed ogre
  7413 | D:8      | Reached skill level 10 in Dodging
  7535 | D:8      | Noticed Prince Ribbit
  7541 | D:8      | Killed Prince Ribbit
  7553 | D:8      | Reached ** piety under Hepliaklqana
  7569 | D:8      | Remembered your ancestor NoobNation as a knight
  7596 | D:8      | Reached XP level 11. HP: 83/87 MP: 10/10
  7706 | D:8      | Noticed Erica
  7712 | D:8      | Killed Erica
  7748 | D:8      | Noticed Maurice
  7759 | D:8      | Killed Maurice
  8007 | D:8      | Reached skill level 13 in Polearms
  8132 | D:9      | Noticed a two-headed ogre
  8143 | D:9      | Killed a two-headed ogre
  8192 | D:9      | Found a blossoming altar of Fedhas.
  8194 | D:9      | Found a stormy altar of Qazlal.
  8203 | D:9      | Noticed Erolcha
  8327 | D:9      | Killed Erolcha
  8849 | D:10     | Entered Level 10 of the Dungeon
  8893 | D:10     | Reached skill level 10 in Fighting
  9059 | D:10     | Found Catz's Book Emporium.
  9258 | D:10     | Noticed a death knight
  9622 | D:10     | Killed a death knight
  9889 | D:10     | Reached skill level 1 in Invocations
  9903 | D:10     | Found a staircase to the Orcish Mines.
  9920 | D:10     | Reached skill level 14 in Polearms
  9971 | D:10     | Reached skill level 10 in Armour
 10148 | D:11     | Reached *** piety under Hepliaklqana
 10158 | D:11     | Got an ancient long sword
 10159 | D:11     | Identified the +8 long sword of Quick Death {freeze, Str+7
                  | Int+3} (You found it on level 11 of the Dungeon)
 10386 | D:11     | Reached XP level 12. HP: 96/96 MP: 12/12
 10519 | D:11     | Found a staircase to the Lair.
 10938 | D:12     | Noticed a two-headed ogre
 10940 | D:12     | Noticed a two-headed ogre
 10945 | D:12     | Killed a two-headed ogre
 10954 | D:12     | Killed a two-headed ogre
 11027 | D:12     | Reached skill level 15 in Polearms
 11247 | D:12     | Found Tytod's Antique Armour Shoppe.
 11435 | D:12     | Reached **** piety under Hepliaklqana
 11527 | D:12     | Identified a scroll of acquirement
 11528 | D:12     | Got a pair of pitted gloves
 11539 | D:12     | Identified the +0 pair of gloves of Zeadd {Int+5} (You
                  | acquired it on level 12 of the Dungeon)
 11601 | D:13     | Found a sparkling altar of Nemelex Xobeh.
 11655 | D:13     | Found a gate to the Vaults.
 11655 | D:13     | Noticed a vault guard
 11655 | D:13     | Noticed a vault guard
 11655 | D:13     | Noticed a vault guard
 11655 | D:13     | Noticed a vault guard
 11655 | D:13     | Noticed a vault guard
 11656 | D:13     | Noticed a vault guard
 11656 | D:13     | Noticed a vault guard
 11659 | D:13     | Noticed a vault guard
 11673 | D:13     | Killed a vault guard
 11772 | D:12     | Killed a vault guard
 11772 | D:12     | Reached XP level 13. HP: 44/104 MP: 10/15
 12042 | D:12     | Reached skill level 5 in Invocations
 12396 | D:12     | Reached skill level 16 in Polearms
 12616 | D:4      | Bought a bronze plate armour for 504 gold pieces
 12616 | D:4      | Bought a transparent buckler for 171 gold pieces
 12627 | D:4      | Identified the +5 plate armour of Lokow {MR+ SInv} (You
                  | bought it in a shop on level 4 of the Dungeon)
 12638 | D:4      | Identified the cursed +0 buckler of the Pleiades {rC+} (You
                  | bought it in a shop on level 4 of the Dungeon)
 13269 | D:14     | Found Vivoq's Jewellery Shoppe.
 13269 | D:14     | Noticed Snorg
 13624 | D:14     | Killed Snorg
 13705 | D:14     | Found a frozen archway.
 13711 | IceCv    | Entered an ice cave
 14314 | IceCv    | Reached XP level 14. HP: 114/114 MP: 17/17
 14353 | IceCv    | Reached skill level 17 in Polearms
 14446 | IceCv    | Found an ancient bone altar of Kikubaaqudgha.
 15432 | D:15     | Entered Level 15 of the Dungeon
 15456 | D:15     | Noticed a storm dragon
 15511 | D:15     | Reached skill level 15 in Dodging
 15605 | D:15     | Cast into level 3 of the Abyss (hell knight)
 15659 | Abyss:3  | Noticed a starcursed mass
 15794 | Abyss:3  | Noticed a starcursed mass
 15837 | Abyss:3  | Noticed a starcursed mass
 15970 | Abyss:3  | Noticed a profane servitor
 15990 | Abyss:3  | Killed a profane servitor
 16013 | Abyss:3  | Noticed a tentacled starspawn
 16013 | Abyss:3  | Noticed a tentacled starspawn
 16033 | Abyss:3  | Killed a tentacled starspawn
 16036 | Abyss:3  | Killed a tentacled starspawn
 16042 | Abyss:3  | Paralysed by you for 6 turns
 16052 | Abyss:3  | HP: 5/116 [fire bat (8)]
 16057 | D:15     | Escaped the Abyss
 16518 | D:15     | Reached skill level 18 in Polearms
 16721 | D:15     | Noticed Swippen's ghost (adept GnFi)
 16796 | D:15     | Found a transporter.
 16817 | D:15     | Found a transporter.
 17245 | D:15     | Reached XP level 15. HP: 112/122 MP: 20/20
 17269 | D:15     | Found a staircase to the Depths.
 17782 | Lair:1   | Entered Level 1 of the Lair of Beasts
 17975 | Lair:1   | Found a blossoming altar of Fedhas.
 18706 | Lair:2   | Noticed Urug
 18726 | Lair:2   | Killed Urug
 18844 | Lair:2   | Got a clouded glass ring
 19400 | Lair:3   | Reached ***** piety under Hepliaklqana
 20386 | Lair:3   | Identified the ring of Limasmua {rF+ MR+ Str+3 Int-5} (You
                  | found it on level 2 of the Lair of Beasts)
 20558 | Lair:4   | Found a staircase to the Snake Pit.
 20807 | Lair:4   | Found a staircase to the Shoals.
 21140 | Lair:4   | Reached skill level 19 in Polearms
 21244 | Lair:4   | You fall through a shaft!
 21535 | Lair:4   | Learned a level 2 spell: Blink
 21764 | Lair:5   | Found a staircase to the Slime Pits.
 22599 | Lair:6   | Entered Level 6 of the Lair of Beasts
 22599 | Lair:6   | Found an opulent altar of Gozag.
 22915 | Lair:6   | Reached skill level 5 in Shields
 22987 | Lair:6   | Reached XP level 16. HP: 132/132 MP: 22/22
 23785 | Orc:1    | Entered Level 1 of the Orcish Mines
 23813 | Orc:1    | Reached ****** piety under Hepliaklqana
 24513 | Orc:2    | Entered Level 2 of the Orcish Mines
 24547 | Orc:2    | Found Welathross's Antique Weapon Boutique.
 24664 | Orc:2    | Found a roughly hewn altar of Beogh.
 25084 | Orc:2    | Found a staircase to the Elven Halls.
 25110 | Orc:2    | Found Zacitav's Food Shoppe.
 25110 | Orc:2    | Found Ruihas Koru's Antique Weapon Shoppe.
 25111 | Orc:2    | Found Xodat's Jewellery Emporium.
 25114 | Orc:2    | Found Tiechaxaho's Jewellery Emporium.
 25429 | D:14     | Bought the macabre finger necklace {rN+} for 520 gold
                  | pieces
 25429 | D:14     | Found the macabre finger necklace {rN+}
 25429 | D:14     | Bought the ring "Afubro" {rElec rPois EV+5 Int+4 Dex-4} for
                  | 951 gold pieces
 25429 | D:14     | Bought the ring "Hunugik" {rF+ rC+ MR+ Dex-5} for 443 gold
                  | pieces
 25597 | Snake:1  | Entered Level 1 of the Snake Pit
 26217 | Lair:4   | Reached skill level 10 in Invocations
 26684 | Snake:1  | Reached skill level 20 in Polearms
 27138 | Snake:1  | Found Vaoz's Weapon Shoppe.
 27150 | Snake:1  | Found Zaemotal's Magic Scroll Emporium.
 27156 | Snake:1  | Bought a scroll of enchant weapon for 90 gold pieces
 27156 | Snake:1  | Bought a scroll of teleportation for 36 gold pieces
 27156 | Snake:1  | Bought a scroll of teleportation for 36 gold pieces
 27156 | Snake:1  | Bought a scroll of teleportation for 36 gold pieces
 27321 | Snake:2  | Reached skill level 15 in Fighting
 27385 | Snake:2  | Noticed Frances
 27674 | Snake:2  | Killed Frances
 27737 | Snake:2  | Reached skill level 15 in Armour
 28142 | Snake:2  | Reached XP level 17. HP: 120/140 MP: 23/23
 29294 | Snake:3  | Found Edihepeifo's Jewellery Boutique.
 29814 | Snake:3  | Found Bean's Bounteous Boutique.
 30143 | Snake:4  | Entered Level 4 of the Snake Pit
 30922 | Snake:4  | Reached skill level 21 in Polearms
 31790 | Snake:4  | Reached XP level 18. HP: 53/149 MP: 19/25
 31860 | Snake:4  | HP: 9/223 [naga/+0 glaive (7)]
 31864 | Snake:4  | Killed from afar by a naga ritualist

Skill      XL: |  1  2  3  4  5  6  7  8  9 10 11 12 13 14 15 16 17 18 |
---------------+-------------------------------------------------------+-----
Polearms       | 4 5 6 7 9 11 12 14 15 16 18 19 20 21 | 21.4
Armour         | 1 2 3 4 5 7 8 10 11 12 13 14 15 | 15.9
Fighting       | 3 4 5 6 7 9 10 11 12 13 14 15 16 | 16.0
Shields        | 2 3 4 5 7 9 |  9.6
Dodging        | 4 5 6 8 10 12 13 14 15 16 17 | 17.2
Invocations    | 2 4 6 8 9 10 11 | 11.3
Throwing       | |  2.0

Action                   |  1- 3 |  4- 6 |  7- 9 | 10-12 | 13-15 | 16-18 || total
-------------------------+-------+-------+-------+-------+-------+-------++-------
Melee: Trident           |    61 |   135 |   390 |   854 |  1671 |  1322 ||  4433
       Headbutt          |    10 |    21 |    79 |   156 |   373 |   202 ||   841
Invok: Recall Ancestor   |       |       |     1 |     2 |     5 |     3 ||    11
       Ancestor Life: Kn |       |       |       |     1 |       |       ||     1
       Ancestor Identity |       |       |       |     1 |       |       ||     1
       Idealise          |       |       |       |       |     4 |     3 ||     7
Evoke: Wand              |       |       |       |       |    30 |    16 ||    46
       Phial of floods   |       |       |       |       |     2 |     1 ||     3
       Phantom mirror    |       |       |       |       |       |     1 ||     1
  Use: Scroll            |       |       |    14 |     3 |    12 |     7 ||    36
       Potion            |       |       |       |       |    13 |     9 ||    22
 Stab: Distracted        |       |       |     1 |     6 |    14 |    12 ||    33
       Fleeing           |       |       |       |       |       |     1 ||     1
  Eat: Chunk             |       |     3 |    14 |    17 |    17 |     7 ||    58
       Ration            |       |       |     1 |       |     6 |     7 ||    14
Armor: Leather armour    |    15 |     2 |       |       |       |       ||    17
       Ring mail         |       |    31 |    77 |     2 |       |       ||   110
       Plate armour      |       |       |       |   189 |   502 |   381 ||  1072
       Scale mail        |       |       |       |     1 |       |       ||     1
       Skin              |       |       |       |       |       |    56 ||    56
Dodge: Dodged            |    21 |    44 |   164 |   194 |   607 |   485 ||  1515
       Deflected         |       |       |       |       |       |    61 ||    61
Block: Buckler           |     2 |    15 |    46 |    92 |   199 |   191 ||   545
